 Dungeon Crawl Stone Soup version 0.29-a0-598-gd8304a5bf4 (webtiles) character file.

Game seed: 15337355335752077412

536 YayAnonymity the Ruffian (level 7, -5/57 HPs)
             Began as a Ghoul Fighter on June 16, 2022.
             Slain by Edmund
             ... wielding a +5 dire flail of holy wrath
              (10 damage)
             ... on level 4 of the Dungeon.
             The game lasted 00:05:47 (3189 turns).

YayAnonymity the Ruffian (Ghoul Fighter)            Turns: 3189, Time: 00:05:48

Health: -5/57      AC: 14    Str: 20    XL:     7   Next: 25%
Magic:  6/6        EV:  5    Int: 11    God:
Gold:   102        SH:  4    Dex:  8    Spells: 6/6 levels left

rFire   . . .      SeeInvis .     - Unarmed
rCold   + . .      Faith    .   b - +0 buckler
rNeg    + + +      Spirit   .   h - +0 plate armour
rPois   ∞          Reflect  .   a - +0 helmet
rElec   .          Harm     .   (no cloak)
rCorr   .          Rampage  .   (no gloves)
Will    .....                   i - +0 pair of boots
Stlth   ..........              (no amulet)
HPRegen 0.00/turn               n - +6 ring of intelligence
MPRegen 0.10/turn               (no ring)

@: mighty, inhibited regen
A: claws 1, cold resistance 1, negative energy resistance 3, inhibited
regeneration, torment resistance 2, devour on kill
a: no special abilities


You were on level 4 of the Dungeon.
You visited 1 branch of the dungeon, and saw 4 of its levels.

You collected 102 gold pieces.

Inventory:

Armour
 a - a +0 helmet (worn)
 b - a +0 buckler (worn)
 h - a +0 plate armour (worn)
 i - a +0 pair of boots (worn)
Jewellery
 n - a +6 ring of intelligence (left claw)
Wands
 g - a wand of flame (39)
 o - a wand of digging (3)
Scrolls
 f - a scroll of fear
 j - a scroll of brand weapon {unknown}
 q - a scroll of noise
Potions
 d - a potion of cancellation
 e - a potion of brilliance {unknown}
 p - a potion of berserk rage {unknown}
 s - a potion of invisibility {unknown}


   Skills:
 + Level 3.3 Fighting
 + Level 4.0 Armour
 + Level 0.1 Dodging
 - Level 4.0 Shields
 * Level 6.7 Unarmed Combat


You had 6 spell levels left.
You didn't know any spells.
Your spell library contained the following spells:

 Spells                   Type           Power      Damage    Failure   Level
 Apportation              Tloc           0%         N/A       100%        1
 Necrotize                Necr           0%         1d4       100%        1
 Summon Small Mammal      Summ           0%         N/A       100%        1


Dungeon Overview and Level Annotations

Branches:
Dungeon (4/15)
 Temple: D:4-7

Altars:
Kikubaaqudgha
Vehumet
Yredelemnul

Annotations:
D:3 1 runed translucent door, Crazy Yiuf
D:4 Edmund


Innate Abilities, Weirdness & Mutations

You are immune to poison.
You have sharp fingernails.
Your flesh is cold resistant. (rC+)
You are immune to negative energy. (rN+++)
You do not regenerate when monsters are visible.
You are immune to unholy pain and torment.
You thrive by killing the living.


Message History

Aiming: Throw Flame
Press: ? - help, Q - select action, (/) - cycle Shift-Dir - straight line, f/p - Edmund
Aim: Edmund, wielding a +5 dire flail of holy wrath and wearing a +0 ring mail (lightly wounded, 72% to hit)
The puff of flame hits Edmund!
Edmund is moderately wounded.
Aiming: Throw Flame
Press: ? - help, Q - select action, (/) - cycle Shift-Dir - straight line, f/p - Edmund
Aim: Edmund, wielding a +5 dire flail of holy wrath and wearing a +0 ring mail (moderately wounded, 72% to hit)
The puff of flame misses Edmund.
Throw: throwing net
Press: ? - help, Q - select action, (/) - cycle Shift-Dir - straight line, f/p - Edmund
Aim: Edmund, wielding a +5 dire flail of holy wrath and wearing a +0 ring mail (moderately wounded, 58% to hit)
You throw a throwing net. The throwing net closely misses Edmund.
Edmund hits you but does no damage.
You scratch Edmund.
Edmund is moderately wounded.
You scratch Edmund.
Edmund is moderately wounded.
Edmund hits you with a +5 dire flail of holy wrath.
You convulse!
You claw Edmund!
Edmund is heavily wounded.
Edmund barely misses you.
You scratch Edmund but do no damage.
Edmund is heavily wounded.
Edmund hits you with a +5 dire flail of holy wrath!
You convulse!
* * * LOW HITPOINT WARNING * * *
You scratch Edmund.
Edmund is severely wounded.
Edmund barely misses you.
You scratch Edmund but do no damage.
Edmund is severely wounded.
Edmund hits you with a +5 dire flail of holy wrath!
* * * LOW HITPOINT WARNING * * *
You convulse.
* * * LOW HITPOINT WARNING * * *
You feel very mighty all of a sudden.
Edmund hits you with a +5 dire flail of holy wrath!
You die...

#..# #...........#
##.###...........##
#..##............#
##.##............#
#.##............#
#..#........##..#
##.#.#########.<#
#...# #.## ##.@#
#.# #.@# #.# #..#
#.. #.># ..# ##.#
#.. #.. ..# #.# #..
#(.


You could see Edmund.

Vanquished Creatures
  Eustachio (D:4)
  A phantom (D:4)
  A scorpion (D:4)
  2 orc priests
  Natasha (twice) (D:2)
  2 orc wizards (D:4)
  4 adders
  A dart slug (D:2)
  8 orcs
  2 ball pythons (D:1)
  3 endoplasms
  A giant cockroach (D:1)
  8 goblins
  5 hobgoblins
  2 jackals (D:3)
  A quokka (D:3)
  9 bats
  2 frilled lizards
  7 kobolds
  10 rats
72 creatures vanquished.

Notes
Turn   | Place    | Note
-------+----------+-------------------------------------------
     0 | D:1      | YayAnonymity the Ghoul Fighter began the quest for the Orb.
     0 | D:1      | Reached XP level 1. HP: 19/19 MP: 0/0
   279 | D:1      | Reached XP level 2. HP: 25/26 MP: 1/1
   812 | D:2      | Found a basalt altar of Yredelemnul.
   901 | D:2      | Reached skill level 3 in Unarmed Combat
   901 | D:2      | Reached XP level 3. HP: 26/31 MP: 2/2
  1055 | D:2      | Noticed Natasha
  1069 | D:2      | Killed Natasha
  1070 | D:2      | Reached XP level 4. HP: 23/38 MP: 3/3
  1179 | D:2      | Noticed Natasha
  1195 | D:2      | Killed Natasha
  1201 | D:2      | Reached skill level 4 in Unarmed Combat
  1658 | D:3      | Reached XP level 5. HP: 45/45 MP: 4/4
  1953 | D:3      | Found a faded altar of an unknown god.
  2007 | D:3      | Found a runed translucent door.
  2008 | D:3      | Noticed Crazy Yiuf
  2537 | D:4      | Noticed a phantom
  2554 | D:4      | Killed a phantom
  2555 | D:4      | Reached skill level 5 in Unarmed Combat
  2555 | D:4      | Reached XP level 6. HP: 41/51 MP: 5/5
  2699 | D:4      | Noticed Edmund
  2717 | D:4      | Noticed Eustachio
  2744 | D:4      | Killed Eustachio
  2745 | D:4      | Reached skill level 6 in Unarmed Combat
  2745 | D:4      | Reached XP level 7. HP: 12/57 MP: 6/6
  3149 | D:4      | Found an ancient bone altar of Kikubaaqudgha.
  3152 | D:4      | Found a radiant altar of Vehumet.
  3189 | D:4      | Slain by Edmund

Illustrated notes

Levels and vault maps discovered:
D:1:      dpeg_arrival_water_temple_mockup, layout_loops_ring
D:2:      wander_river, layout_basic, serial_glass, glass_columns_a,
          glass_columns_a, basic_altar, uniq_natasha
D:3:      layout_basic, hellmonk_ecumenical_altar_dog_temple,
          uniq_crazy_yiuf_cottage
D:4:      layout_basic, minitemple, ebering_ghost_inner_flame, hex_medium,
          uniq_edmund, uniq_eustachio

Skill      XL: |  1  2  3  4  5  6 |
---------------+-------------------+-----
Armour         | 3 4 |  4.0
Shields        | 3 4 |  4.0
Unarmed Combat | 3 4 5 6 |  6.7
Fighting       | |  3.3
Dodging        | |  0.1

Action                   |  1- 3 |  4- 6 |  7- 9 || total
-------------------------+-------+-------+-------++-------
Melee: Unarmed           |    83 |   172 |    16 ||   271
Throw: Throwing net      |       |       |     1 ||     1
Evoke: Wand              |       |       |     4 ||     4
  Use: Scroll            |       |     8 |       ||     8
       Potion            |       |     1 |     1 ||     2
Armor: Scale mail        |    13 |       |       ||    13
       Chain mail        |    52 |   106 |     1 ||   159
       Plate armour      |       |       |     2 ||     2
Dodge: Dodged            |    30 |    47 |     2 ||    79
Block: Buckler           |    17 |    33 |     1 ||    51

Table legend: (Time is in decaauts)
 A = Elapsed time spent in this place.
 B = Non-inter-level travel time spent in this place.
 C = Inter-level travel time spent in this place.
 D = Time resting spent in this place.
 E = Time spent auto-exploring this place.
 F = Levels seen in this place.
 G = Mean time per level.
                   A        B        C        D        E       F      G
               +--------+--------+--------+--------+--------+-----+--------+
         Total |   3186 |   3031 |    155 |    574 |   1767 |   4 |  796.5 |
       Dungeon |   3186 |   3031 |    155 |    574 |   1767 |   4 |  796.5 |
               +--------+--------+--------+--------+--------+-----+--------+

Top non-repeatable levels by time:
     D:3: 845 daAuts
     D:2: 831 daAuts
     D:1: 812 daAuts
     D:4: 696 daAuts
